 Dungeon Crawl Stone Soup version 0.29-a0-321-gf1c400731a (webtiles) character file.

Game seed: 18168969099997382301

772 ders the Magician (level 8, -6/50 HPs)
             Began as a Djinni Conjurer on Apr 4, 2022.
             Mangled by Duvessa
             ... wielding a +0 short sword
              (12 damage)
             ... on level 4 of the Dungeon.
             The game lasted 00:03:59 (3559 turns).

ders the Magician (Djinni Conjurer)                 Turns: 3559, Time: 00:04:00

Health: -6/50      AC:  2    Str: 12    XL:     8   Next: 9%
Gold:   92         EV: 12    Int: 22    God:
                   SH:  0    Dex: 12

rFire   + + +      SeeInvis .   (no weapon)
rCold   x . .      Faith    .   (no shield)
rNeg    . . .      Spirit   .   a - +0 robe
rPois   ∞          Reflect  .   (no helmet)
rElec   .          Harm     .   (no cloak)
rCorr   .          Rampage  .   (no gloves)
Will    .....                   (boots unavailable)
Stlth   ++........              (no amulet)
HPRegen 0.16/turn               f - ring of protection from fire
MPRegen 0.00/turn               h - +6 ring of strength

@: flying
A: sickness immunity, fire resistance 2, cold vulnerability 1, float, innate
caster, HP casting, extra vitality 1
a: no special abilities


You were on level 4 of the Dungeon.
You visited 2 branches of the dungeon, and saw 5 of its levels.

You collected 122 gold pieces.
You spent 30 gold pieces at shops.

Inventory:

Armour
 a - a +0 robe (worn)
 s - a +0 buckler
Jewellery
 f - a ring of protection from fire (left hand)
 h - a +6 ring of strength (right hand)
 q - a +6 ring of dexterity
Scrolls
 c - 4 scrolls of identify {unknown}
 e - a scroll of vulnerability {unknown}
 g - a scroll of enchant armour {unknown}
 j - 2 scrolls of fog {unknown}
 k - a scroll of brand weapon {unknown}
 l - a scroll of enchant weapon {unknown}
 m - 2 scrolls of teleportation {unknown}
Potions
 b - a potion of magic {unknown}
 d - a potion of degeneration {unknown}
 i - 3 potions of curing
 n - a potion of mutation {unknown}
 o - a potion of heal wounds {unknown}
 p - a potion of berserk rage {unknown}
 r - a potion of lignification {unknown}


   Skills:
 - Level 2.1 Dodging
 - Level 1.5 Stealth
 + Level 7.3 Spellcasting


You had 2 spell levels left.
You knew the following spells:

 Your Spells              Type           Power      Damage    Failure   Level
a - Magic Dart            Conj           100%       1d8       1%          1
b - Searing Ray           Conj           80%        2d7       1%          2
c - Dazzling Flash        Conj/Hex       80%        N/A       1%          3
d - Fulminant Prism       Conj/Hex       20%        3d13      3%          4
e - Iskenderun's Mystic   Conj/Tloc      40%        2d9       3%          4
f - Sandblast             Erth           80%        2d17      1%          1
g - Scorch                Fire           80%        2d9       1%          2
h - Call Imp              Summ           40%        N/A       1%          2
Your spell library was empty.

Dungeon Overview and Level Annotations

Branches:
Dungeon (4/15)             Temple (1/1) D:4

Altars:
Cheibriados
Dithmenos
Gozag
Kikubaaqudgha
Makhleb
Nemelex Xobeh
Okawaru
Sif Muna
Trog
Uskayaw
Wu Jian
Yredelemnul
Zin

Shops:
D:2 *

Annotations:
D:4 Duvessa


Innate Abilities, Weirdness & Mutations

You are immune to sickness and miasma.
You are immune to poison.
Your flesh is very heat resistant. (rF++)
You are vulnerable to cold. (rC-)
You float through the air rather than walking.
You learn spells naturally, not from books.
Your magical power is your life essence.
You have superior vitality. (+4 MHP)


Message History

Press: ? - help, Dir - move target You conjure a prism of explosive energy!
* * * LOW HITPOINT WARNING * * *
A fulminant prism comes into view.
Your fulminant prism crackles loudly.
Duvessa hits your fulminant prism with a +0 short sword!!
Your fulminant prism explodes!
The blast of energy engulfs Duvessa.
Duvessa is severely wounded.
Casting: Fulminant Prism (dangerous; 3% risk of failure)
Confirm with . or Enter, or press ? or * to list all spells.
Aiming: Fulminant Prism (dangerous; 3% risk of failure)
Press: ? - help, Dir - move target You conjure a prism of explosive energy!
* * * LOW HITPOINT WARNING * * *
A fulminant prism comes into view.
Duvessa hits your fulminant prism with a +0 short sword!
Duvessa hits your fulminant prism with a +0 short sword.
Your fulminant prism detonates feebly.
Casting: Fulminant Prism (dangerous; 3% risk of failure)
Confirm with . or Enter, or press ? or * to list all spells.
Aiming: Fulminant Prism (dangerous; 3% risk of failure)
Press: ? - help, Dir - move target You conjure a prism of explosive energy!
* * * LOW HITPOINT WARNING * * *
A fulminant prism comes into view.
Duvessa rages.
Duvessa hits your fulminant prism with a +0 short sword!
Your fulminant prism detonates feebly.
Casting: Fulminant Prism (dangerous; 3% risk of failure)
Confirm with . or Enter, or press ? or * to list all spells.
You erupt in a blast of force!
The mystic blast hits Duvessa.
Duvessa is severely wounded.
Duvessa is knocked back by the mystic blast.
Duvessa slams into the rock wall!
Duvessa is almost dead.
* * * LOW HITPOINT WARNING * * *
You feel better. Duvessa completely misses you.
Duvessa hits you with a +0 short sword!
You die...

#...#.>.#..##.# #.#
#..#.#.#.#.##.# #.#
#...#.#.#...#.# #.#
#....#.#......###
###.###
##..........#...#
#.....#
#######....###.#
#.#.#.# ###### #.#
#.#.#.#
#e###########.#.#.#
#.@...........#.#.#
###############..<†
#####


You could see Duvessa (berserk).

Vanquished Creatures
  Grinder (D:4)
  Sigmund (D:3)
  An ice beast (D:4)
  A phantom (D:4)
  Dowan (D:4)
  2 hounds
  Jessica (D:2)
  An iguana (D:4)
  2 gnolls (D:4)
  2 adders (D:2)
  3 worms
  3 dart slugs
  4 ball pythons
  4 endoplasms
  5 giant cockroaches
  10 hobgoblins
  3 jackals (D:4)
  4 quokkas
  4 bats
  4 frilled lizards
  4 goblins
  7 kobolds
  5 rats
73 creatures vanquished.

Vanquished Creatures (others)
  4 fulminant prisms (D:4)
4 creatures vanquished.

Grand Total: 77 creatures vanquished

Notes
Turn   | Place    | Note
-------+----------+-------------------------------------------
     0 | D:1      | ders the Djinni Conjurer began the quest for the Orb.
     0 | D:1      | Reached XP level 1. HP: 15/15 MP: 0/0
     1 | D:1      | Noticed an electric eel
   234 | D:1      | Reached XP level 2. HP: 20/21 MP: 0/0
   673 | D:1      | Reached XP level 3. HP: 22/25 MP: 0/0
   673 | D:1      | Learned a level 1 spell: Sandblast
  1002 | D:2      | Reached skill level 4 in Spellcasting
  1275 | D:2      | Found an ornate altar of the Wu Jian Council.
  1288 | D:2      | Reached XP level 4. HP: 23/31 MP: 0/0
  1459 | D:2      | Noticed Jessica
  1469 | D:2      | Killed Jessica
  1571 | D:2      | Found Dagreop's General Store.
  1591 | D:2      | Bought a potion of curing for 30 gold pieces
  1813 | D:2      | Reached XP level 5. HP: 35/35 MP: 0/0
  1813 | D:2      | Learned a level 2 spell: Scorch
  2014 | D:3      | Noticed Sigmund
  2340 | D:3      | Reached skill level 5 in Spellcasting
  2442 | D:3      | Killed Sigmund
  2443 | D:3      | Reached XP level 6. HP: 31/40 MP: 0/0
  2802 | D:3      | Found a faded altar of an unknown god.
  3030 | D:4      | Found a staircase to the Ecumenical Temple.
  3055 | D:4      | Reached skill level 6 in Spellcasting
  3055 | D:4      | Reached XP level 7. HP: 32/45 MP: 0/0
  3055 | D:4      | Learned a level 2 spell: Call Imp
  3065 | Temple   | Entered the Ecumenical Temple
  3506 | D:4      | Noticed Grinder
  3514 | D:4      | Noticed Dowan
  3514 | D:4      | Noticed Duvessa
  3516 | D:4      | Killed Grinder
  3517 | D:4      | Reached skill level 7 in Spellcasting
  3517 | D:4      | Reached XP level 8. HP: 38/50 MP: 0/0
  3546 | D:4      | Killed Dowan
  3559 | D:4      | Mangled by Duvessa

Illustrated notes

Levels and vault maps discovered:
D:1:      arrival_aquarium_a, layout_rooms
D:2:      layout_rooms, serial_shops, shop, basic_altar, feat_on_display,
          uniq_jessica
D:3:      layout_basic, hellmonk_ecumenical_altar_leap_of_faith, uniq_sigmund
D:4:      layout_basic, mainiacjoe_overflow_six_doors_small,
          mainiacjoe_overflow_small_starburst, minmay_temple_entry_grid,
          minmay_ogre_servants, uniq_duvessa, uniq_natasha, uniq_grinder
Temple:   minmay_temple_bridge_abc

Skill      XL: |  1  2  3  4  5  6  7 |
---------------+----------------------+-----
Spellcasting   | 4 5 6 7 |  7.3
Dodging        | |  2.1
Stealth        | |  1.5

Action                   |  1- 3 |  4- 6 |  7- 9 || total
-------------------------+-------+-------+-------++-------
 Cast: Magic Dart        |    66 |    82 |    38 ||   186
       Searing Ray       |       |     4 |     2 ||     6
       Fulminant Prism   |       |       |     4 ||     4
       Iskenderun's Myst |       |       |     1 ||     1
  Use: Potion            |       |       |     1 ||     1
Armor: Robe              |     1 |       |       ||     1
Dodge: Dodged            |     5 |     8 |     4 ||    17

Table legend: (Time is in decaauts)
 A = Elapsed time spent in this place.
 B = Non-inter-level travel time spent in this place.
 C = Inter-level travel time spent in this place.
 D = Time resting spent in this place.
 E = Time spent auto-exploring this place.
 F = Levels seen in this place.
 G = Mean time per level.
                   A        B        C        D        E       F      G
               +--------+--------+--------+--------+--------+-----+--------+
         Total |   3567 |   3435 |    132 |    411 |   2625 |   5 |  713.4 |
       Dungeon |   3349 |   3227 |    122 |    411 |   2427 |   4 |  837.2 |
        Temple |    218 |    208 |     10 |      0 |    198 |   1 |  218.0 |
               +--------+--------+--------+--------+--------+-----+--------+

Top non-repeatable levels by time:
     D:1: 1192 daAuts
     D:2: 998 daAuts
     D:3: 688 daAuts
     D:4: 470 daAuts
  Temple: 218 daAuts
